 Dungeon Crawl Stone Soup version 0.31-a0-1-g4198be8af4 (webtiles) character file.

Game seed: 2765882004652669254

68 Hubris850 the Insei (level 4, -14/32 HPs)
             Began as a Merfolk Transmuter on May 1, 2023.
             Demolished by an ogre
             ... wielding a +0 giant club
              (17 damage)
             ... on level 4 of the Dungeon.
             The game lasted 00:04:36 (2588 turns).

Hubris850 the Insei (Merfolk Transmuter)            Turns: 2588, Time: 00:04:36

Health: -14/32     AC:  5    Str: 12    XL:     4   Next: 19%
Magic:  5/7        EV: 11    Int: 12    God:
Gold:   251        SH:  0    Dex: 14    Spells: 7/8 levels left

rFire   . .          .
                       - Unarmed
rCold   . . .        (no shield)
rNeg    . . .        l - +0 ring mail
rPois   .            (helmet currently unavailable)
rElec   .            (no cloak)
rCorr   .            (no gloves)
SInv    .            (boots currently unavailable)
Will    .....        (no amulet)
Stlth   +            (no ring)
HPRegen 0.25/turn    (no ring)
MPRegen 0.10/turn

%: no passive effects
@: appendages (expiring)
A: horns 2, (nimble swimmer 2), mertail
a: End Transformation


You were on level 4 of the Dungeon.
You had temporarily grown beastly horns.
You visited 1 branch of the dungeon, and saw 4 of its levels.

You collected 251 gold pieces.

Inventory:

Hand Weapons
 h - a +0 short sword
Missiles
 e - 4 boomerangs
Armour
 a - a +0 robe
 l - a +0 ring mail (worn)
 t - a +0 plate armour
Magical Staves
 p - a staff of earth
 y - a staff of fire
Wands
 x - a wand of flame (17)
Scrolls
 c - a scroll of acquirement {unknown}
 d - a scroll of enchant armour {unknown}
 f - 5 scrolls of identify {unknown}
 g - a scroll of fear {unknown}
 i - 2 scrolls of vulnerability {unknown}
 m - a scroll of blinking {unknown}
 n - a scroll of brand weapon {unknown}
 u - a scroll of teleportation {unknown}
 v - a scroll of noise {unknown}
 z - a scroll of torment {unknown}
Potions
 b - a potion of lignification
 j - a potion of haste {unknown}
 k - 2 potions of heal wounds {unknown}
 o - 2 potions of magic {unknown}
 q - 2 potions of curing
 r - a potion of flight {unknown}
 s - a potion of berserk rage {unknown}
 w - a potion of ambrosia {unknown}
 A - a potion of cancellation {unknown}


   Skills:
 - Level 1.1 Fighting
 - Level 3.2 Dodging
 + Level 3.8 Unarmed Combat
 + Level 2.5 Spellcasting
 + Level 3.5 Transmutations
 + Level 1.6 Ice Magic


You had 7 spell levels left.
You knew the following spells:

 Your Spells              Type           Power      Damage    Failure   Level
a - Beastly Appendage     Tmut           20%        N/A       14%         1

Your spell library contained the following spells:

 Spells                   Type           Power      Damage    Failure   Level
 Wereblood                Tmut           10%        N/A       21%         2
 Passwall                 Tmut/Erth      4%         N/A       38%         2
 Apportation              Tloc           2%         N/A       52%         1
 Necrotise                Necr           4%         1d4       52%         1
 Summon Small Mammal      Summ           4%         N/A       52%         1
 Ensorcelled Hibernation  Hex/Ice        6%         N/A       54%         2
 Spider Form              Tmut/Pois      5%         N/A       63%         3
 Swiftness                Air            1%         N/A       87%         3
 Ice Form                 Ice/Tmut       7%         N/A       89%         4


Dungeon Overview and Level Annotations

Branches:
Dungeon (4/15)
 Temple: D:4-7

Altars:


Innate Abilities, Weirdness & Mutations

You have temporarily grown beastly horns.
((You are very nimble when in or above water. (Stealth+, EV+, Speed+++)))
Your lower body shifts to a powerful aquatic tail in water.


Message History

Casting: Beastly Appendage (safe; 14% risk of failure)
Confirm with . or Enter, or press ? or * to list all spells.
You miscast Beastly Appendage.
You are very lightly contaminated with residual magic.
Nothing appears to happen.
The jackal bites you. The jackal closely misses you.
The jackal barely misses you.
Casting: Beastly Appendage (safe; 14% risk of failure)
Confirm with . or Enter, or press ? or * to list all spells.
You grow a pair of large bovine horns.
The jackal bites you but does no damage. x2
The jackal closely misses you.
You hit the jackal.
The jackal is almost dead.
The jackal bites you.
The jackal bites you but does no damage.
You hit the jackal but do no damage. You punch the jackal.
You kill the jackal!
The jackal closely misses you.
The jackal bites you but does no damage.
You hit the ogre but do no damage. Your headbutt misses the ogre.
The jackal barely misses you. The ogre closely misses you.
You hit the ogre.
The ogre is lightly wounded.
The jackal bites you.
You hit the ogre.
The ogre is moderately wounded.
The jackal barely misses you.
The ogre hits you with a +0 giant club!!
Ouch! That really hurt!
* * * LOW HITPOINT WARNING * * *
You hit the ogre.
The ogre is moderately wounded.
The jackal misses you. x2
Your magical contamination has completely faded away.
You hit the ogre.
The ogre is heavily wounded.
Your transformation is almost over.
The ogre hits you with a +0 giant club!
Ouch! That really hurt!
You die...

#.# # #.###############.###
#....................
#.##...h..O.......#
########..#.########..##(#
..........#.##.O......#
########..#.##.##.>...# #..#O#
#....h#
#.###########..#@##.##...h..
.................h...........
#.####.######(##.....#......h
#.####.#<...#.#####.#####.....
#...........#.. ...
######.######### $..
+............. ..+
######.####### ..# ####
#.#######


You could see an ogre and a jackal.

Vanquished Creatures
  An adder (D:4)
  2 worms
  2 dart slugs
  2 orcs
  5 endoplasms
  3 giant cockroaches (D:1)
  A goblin (D:2)
  4 hobgoblins (D:1)
  A jackal (D:4)
  A quokka (D:2)
  7 ball pythons
  2 frilled lizards
  8 kobolds
  6 rats
45 creatures vanquished.

Notes
Turn   | Place    | Note
-------+----------+-------------------------------------------
     0 | D:1      | Hubris850 the Merfolk Transmuter began the quest for the
                  | Orb.
     0 | D:1      | Reached XP level 1. HP: 15/15 MP: 3/3
   198 | D:1      | Reached XP level 2. HP: 21/21 MP: 5/5
   571 | D:1      | Reached skill level 1 in Ice Magic
   572 | D:1      | Reached XP level 3. HP: 18/26 MP: 6/6
  2439 | D:4      | Reached XP level 4. HP: 26/32 MP: 7/7
  2561 | D:4      | Noticed an ogre
  2588 | D:4      | Demolished by an ogre

Illustrated notes

Levels and vault maps discovered:
D:1:      elethiomel_arrival_shortcut, layout_loops_ring
D:2:      layout_loops_cross
D:3:      layout_loops_ring
D:4:      nicolae_cairo_tiling_large, layout_basic, trog_three_pillars_becter,
          serial_park_tiny_2, uniq_duvessa

Skill      XL: |  1  2 |
---------------+-------+-----
Dodging        | 3 |  3.2
Transmutations | 3 |  3.5
Ice Magic      | 1 |  1.6
Fighting       | |  1.1
Unarmed Combat | |  3.8
Spellcasting   | |  2.5

Action                     |  1- 3 |  4- 6 || total
---------------------------+-------+-------++-------
  Melee: Unarmed           |   175 |    18 ||   193
         Headbutt          |     4 |       ||     4
         Punch             |     4 |     1 ||     5
   Cast: Beastly Appendage |     3 |     1 ||     4
   Stab: Sleeping          |     3 |       ||     3
 Armour: Ring mail         |    38 |     8 ||    46
         Robe              |     5 |       ||     5
         Plate armour      |     2 |       ||     2
  Dodge: Dodged            |    78 |    14 ||    92

Table legend: (Time is in decaauts)
 A = Elapsed time spent in this place.
 B = Non-inter-level travel time spent in this place.
 C = Inter-level travel time spent in this place.
 D = Time resting spent in this place.
 E = Time spent auto-exploring this place.
 F = Levels seen in this place.
 G = Mean time per level.
                   A        B        C        D        E       F      G
               +--------+--------+--------+--------+--------+-----+--------+
         Total |   2574 |   2510 |     64 |    124 |   1910 |   4 |  643.5 |
       Dungeon |   2574 |   2510 |     64 |    124 |   1910 |   4 |  643.5 |
               +--------+--------+--------+--------+--------+-----+--------+

Top non-repeatable levels by time:
     D:1: 900 daAuts
     D:2: 716 daAuts
     D:3: 707 daAuts
     D:4: 249 daAuts
